 Dungeon Crawl Stone Soup version 0.27-a0-819-g058290f16d (webtiles) character file.

Game seed: 2195348773081209528

93 tilp the Skirmisher (level 4, -1/50 HPs)
             Began as an Ogre Warper on Mar 29, 2021.
             Killed from afar by Natasha (11 damage)
             ... with a magic dart
             ... on level 4 of the Dungeon.
             The game lasted 00:03:47 (3379 turns).

tilp the Skirmisher (Ogre Warper)                   Turns: 3379, Time: 00:03:48

Health: -1/50      AC:  3    Str: 15    XL:     4   Next: 62%
Magic:  2/7        EV:  9    Int: 15    God:
Gold:   94         SH:  0    Dex:  8    Spells: 2/7 levels left

rFire    . . .     SeeInvis .   a - +0 mace
rCold    . . .     Faith    .   (no shield)
rNeg     . . .     Spirit   .   b - +0 robe
rPois    .         Reflect  .   (helmet restricted)
rElec    .         Harm     .   (no cloak)
rCorr    .         Rampage  .   (gloves unavailable)
Will     .....                  (boots unavailable)
Stlth    +.........             (no amulet)
HPRegen  0.16/turn              (no ring)
MPRegen  0.10/turn              (no ring)

@: flying
A: large, unfitting armour, tough skin 1
a: no special abilities


You were on level 4 of the Dungeon.
You visited 1 branch of the dungeon, and saw 4 of its levels.

You collected 94 gold pieces.

Inventory:

Hand Weapons
 a - a +0 mace (weapon)
 k - a +0 flail
Missiles
 c - 98 stones
 e - 4 boomerangs of dispersal {!f}
 m - 6 poisoned darts (quivered)
Armour
 b - a +0 robe (worn)
Scrolls
 d - a scroll of blinking
 f - a scroll of noise {unknown}
 g - a scroll of identify {unknown}
 j - a scroll of silence {unknown}
 l - a scroll of holy word {unknown}


   Skills:
 + Level 5.2 Fighting
 + Level 2.8 Maces & Flails
 - Level 1.0 Throwing
 - Level 2.1 Dodging
 - Level 2.4 Spellcasting
 - Level 2.6 Translocations


You had 2 spell levels left.
You knew the following spells:

 Your Spells              Type           Power      Damage    Failure   Level
a - Blink                 Tloc           N/A        N/A       11%         2
b - Teleport Other        Tloc           9%         N/A       22%         3

Your spell library contained the following spells:

 Spells                   Type           Power      Damage    Failure   Level
 Gell's Gravitas          Tloc           4%         N/A       22%         3
 Lesser Beckoning         Tloc           4%         N/A       22%         3
 Manifold Assault         Tloc           9%         N/A       89%         5


Dungeon Overview and Level Annotations

Branches:
Dungeon (4/15)
 Temple: D:4-7

Altars:
Okawaru

Annotations:
D:4 Natasha


Innate Abilities, Weirdness & Mutations

You are too large for most types of armour.
You have tough skin. (AC +1)


Message History

A ball python and a worm come into view.
Found a chain mail and 5 gold pieces.
Found a stone staircase leading down.
The ball python bites you.
* * * LOW HITPOINT WARNING * * *
Casting: Blink (safe; 11% risk of failure)
Confirm with . or Enter, or press ? or * to list all spells.
You blink.
A frilled lizard comes into view.
Found a cyan potion and a scroll labelled ROXILE IMUBARA.
Found a stone staircase leading down.
There is a stone staircase leading down here.
You climb downwards.
Natasha, Servant of Life and Death comes into view.
Natasha hisses angrily.
Found a stone staircase leading up.
There is a stone staircase leading up here.
Unknown command.
Casting: Blink (safe; 11% risk of failure)
Confirm with . or Enter, or press ? or * to list all spells.
You don't have enough magic to cast this spell.
It was a potion of flight.
You feel very buoyant.
You fly up into the air.
Natasha claws you but does no damage.
It was a potion of heal wounds.
You feel much better. Natasha claws you.
* * * LOW HITPOINT WARNING * * *
Casting: Blink (safe; 11% risk of failure)
Confirm with . or Enter, or press ? or * to list all spells.
You don't have enough magic to cast this spell.
Natasha mumbles some strange words.
You feel troubled. Natasha claws you.
* * * LOW HITPOINT WARNING * * *
A giant cockroach comes into view.
Natasha casts a spell.
Natasha stares at you and mumbles some strange words.
The magic dart hits you.
* * * LOW HITPOINT WARNING * * *
Natasha casts a spell at you. The magic dart hits you!
You die...

#.# # #.. .#
#.##. #.#. ...
#.####.#
#######......# #
#....B.@...#
.#..#.##...###.#
...........# .#
......##h..#<..#
......#...5.....
..#....<........
......#.........
#.....#.........
..... ..........


You could see Natasha, a shadow imp (summoned) and a giant cockroach.

Vanquished Creatures
  3 adders
  2 worms
  3 dart slugs
  An orc (D:3)
  3 ball pythons
  8 bats
  5 endoplasms
  5 giant cockroaches
  3 goblins
  3 hobgoblins
  7 kobolds
  A quokka (D:3)
  2 frilled lizards (D:1)
  4 rats
50 creatures vanquished.

Notes
Turn   | Place    | Note
-------+----------+-------------------------------------------
     0 | D:1      | tilp the Ogre Warper began the quest for the Orb.
     0 | D:1      | Reached XP level 1. HP: 22/22 MP: 3/3
    78 | D:1      | Reached skill level 3 in Fighting
   449 | D:1      | Reached XP level 2. HP: 31/32 MP: 5/5
   460 | D:1      | Learned a level 2 spell: Blink
   566 | D:1      | Reached skill level 4 in Fighting
   953 | D:1      | Reached XP level 3. HP: 38/39 MP: 6/6
   957 | D:1      | Learned a level 3 spell: Teleport Other
  1998 | D:2      | Found an iron altar of Okawaru.
  2230 | D:2      | Reached XP level 4. HP: 31/49 MP: 7/7
  2559 | D:2      | Reached skill level 5 in Fighting
  3348 | D:3      | HP: 2/50 [poisoned by an adder]
  3366 | D:3      | HP: 1/50 [ball python (3)]
  3370 | D:4      | Noticed Natasha
  3379 | D:4      | Killed from afar by Natasha

Illustrated notes

Levels and vault maps discovered:
D:1:      minmay_arrival_shattered_statue, layout_loops_corners,
          hangedman_abyss_or_decor_lesser_grid
D:2:      layout_loops_ring, lemuel_coloured_pillars_altar,
          minmay_misc_feat_columns
D:3:      layout_rooms
D:4:      layout_basic, elyvilon_altar_5, nicolae_wu_jian_wuxing_cycle,
          uniq_robin, uniq_natasha

Skill      XL: |  1  2  3  4 |
---------------+-------------+-----
Fighting       | 3 4 5 |  5.2
Maces & Flails | 2 |  2.8
Throwing       | |  1.0
Dodging        | |  2.1
Spellcasting   | |  2.4
Translocations | |  2.6

Action                   |  1- 3 |  4- 6 || total
-------------------------+-------+-------++-------
Melee: Mace              |   114 |    68 ||   182
Throw: Boomerang         |     1 |       ||     1
       Stone             |     2 |     4 ||     6
       Dart              |       |     4 ||     4
 Cast: Blink             |       |     4 ||     4
  Use: Potion            |     2 |     2 ||     4
 Stab: Sleeping          |       |     1 ||     1
Armor: Robe              |    42 |    27 ||    69
Dodge: Dodged            |    68 |    34 ||   102

Table legend: (Time is in decaauts)
 A = Elapsed time spent in this place.
 B = Non-inter-level travel time spent in this place.
 C = Inter-level travel time spent in this place.
 D = Time resting spent in this place.
 E = Time spent auto-exploring this place.
 F = Levels seen in this place.
 G = Mean time per level.
                   A        B        C        D        E       F      G
               +--------+--------+--------+--------+--------+-----+--------+
         Total |   3431 |   3380 |     51 |    510 |   2413 |   4 |  857.8 |
       Dungeon |   3431 |   3380 |     51 |    510 |   2413 |   4 |  857.8 |
               +--------+--------+--------+--------+--------+-----+--------+

Top non-repeatable levels by time:
     D:1: 1529 daAuts
     D:2: 1292 daAuts
     D:3: 601 daAuts
     D:4: 8 daAuts
